 Dungeon Crawl Stone Soup version 0.25-a0-578-gc91f01c39c (webtiles) character file.

Game seed: 6975679196416727544, levelgen mode: deterministic

20 An17 the Sneak (level 2, -3/15 HPs)
             Began as a Vampire Enchanter on Mar 3, 2020.
             Slain by a kobold
             ... wielding a +0 short sword
              (5 damage)
             ... on level 1 of the Dungeon.
             The game lasted 00:02:07 (261 turns).

An17 the Sneak (Vampire Enchanter)                   Turns: 261, Time: 00:02:08

Health: -3/15      AC:  2    Str:  7    XL:     2   Next: 58%
Magic:  2/5        EV: 12    Int: 17    God:
Gold:   16         SH:  0    Dex: 14    Spells: 3/5 levels left

rFire    . . .     SeeInvis +   b - +2 dagger (pain)
rCold    + + .     Gourm    .   (no shield)
rNeg     + + +     Faith    .   c - +0 robe (curse)
rPois    ∞         Spirit   .   (no helmet)
rElec    .         Reflect  .   (no cloak)
rCorr    .         Harm     .   (no gloves)
MR       .....                  (no boots)
Stlth    +++++.....             (no amulet)
HPRegen  0.00/turn              (no ring)
MPRegen  0.09/turn              (no ring)

@: bloodless
A: no food, fangs 3, see invisible, unbreathing
a: Revivify


You were on level 1 of the Dungeon.
You were bloodless.

You visited 1 branch of the dungeon, and saw 1 of its levels.

You collected 16 gold pieces.

Inventory:

Hand Weapons
 a - a +2 dagger
 b - a +2 dagger of pain (weapon)
Armour
 c - a cursed +0 robe (worn)


   Skills:
 + Level 1.1 Short Blades
 + Level 2.2 Dodging
 + Level 5.3 Stealth
 + Level 2.1 Spellcasting
 + Level 4.9 Hexes


You had 3 spell levels left.
You knew the following spells:

 Your Spells              Type           Power        Failure   Level  Hunger
a - Ensorcelled Hibernat  Hex/Ice        ##....       11%         2    N/A

Your spell library contained the following spells:

 Spells                   Type           Power        Failure   Level  Hunger
 Corona                   Hex            ###....      2%          1    N/A
 Confusing Touch          Hex            ###.....     8%          3    N/A
 Tukima's Dance           Hex            ###.....     8%          3    N/A
 Dazzling Flash           Conj/Hex       ##....       22%         3    N/A

Dungeon Overview and Level Annotations

Branches:
Dungeon (1/15)

Altars:


Innate Abilities, Weirdness & Mutations

You do not eat.
You do not regenerate when monsters are visible.
You are frail without blood (-20% HP).
You can heal yourself when you bite living creatures.
You are immune to poison.
You have razor-sharp teeth.
You have supernaturally acute eyesight. (SInv)
You can survive without breathing.


Message History

The bat barely misses you. The bat completely misses you.
You miss the bat. The bat hits you but does no damage.
You closely miss the bat. The bat hits you but does no damage.
The bat hits you but does no damage.
You miss the bat. The bat barely misses you.
You hit the kobold.
The kobold is severely wounded.
The bat hits you but does no damage.
The kobold hits you with a +0 short sword.
* * * LOW HITPOINT WARNING * * *
Casting: Ensorcelled Hibernation (safe; 11% risk of failure)
Confirm with . or Enter, or press ? or * to list all spells.
Aiming: Ensorcelled Hibernation (safe; 11% risk of failure)
Press: ? - help, Shift-Dir - straight line, f - kobold
Aim: a kobold, wielding a +0 short sword (severely wounded, chance to defeat MR: 59%)
The kobold resists with significant effort.
The bat closely misses you.
The kobold hits you with a +0 short sword.
You die...

#.# #.# #.# #$#
##########.####
###...@...##.##.##
#......Kb.##.#.#.######
#.#.####..#...#........
# #.........######
#...........##
#.##..##.####
.......##.# ..
.##..##.# ..K ...##+#


You could see a bat and a kobold.

Vanquished Creatures
  A dart slug (D:1)
  2 leopard geckos (D:1)
  A giant cockroach (D:1)
  A goblin (D:1)
  3 hobgoblins (D:1)
  2 kobolds (D:1)
  A bat (D:1)
  A frilled lizard (D:1)
  3 rats (D:1)
15 creatures vanquished.

Notes
Turn   | Place    | Note
-------+----------+-------------------------------------------
     0 | D:1      | An17 the Vampire Enchanter began the quest for the Orb.
     0 | D:1      | Reached XP level 1. HP: 13/13 MP: 3/3
    73 | D:1      | Reached XP level 2. HP: 19/19 MP: 5/5
    77 | D:1      | Learned a level 2 spell: Ensorcelled Hibernation
    99 | D:1      | Reached skill level 5 in Stealth
   261 | D:1      | Slain by a kobold

Levels and vault maps discovered:
D:1:      minmay_arrival_up_and_down, layout_loops_corners

Skill      XL: |  1  2 |
---------------+-------+-----
Stealth        | 5 |  5.3
Short Blades   | |  1.1
Dodging        | |  2.2
Spellcasting   | |  2.1
Hexes          | |  4.9

Action                   || total
-------------------------++-------
Melee: Dagger            ||    39
       Bite              ||     2
 Cast: Ensorcelled Hiber ||     6
 Abil: Exsanguinate      ||     1
  Use: Scroll            ||     3
 Stab: Sleeping          ||     6
Armor: Robe              ||     7
Dodge: Dodged            ||    24

Table legend:
 A = Non-vault XP
 B = Vault XP
 C = Vault XP percentage of total XP
 D = Non-vault monster count
 E = Vault monster count
 F = Vault count percentage of total count
                 A         B        C        D         E       F
            +---------+---------+-------+---------+---------+-------
      Total |      29 |       0 |   0.0 |      15 |       0 |   0.0
            +---------+---------+-------+---------+---------+-------
        D:1 |      29 |       0 |   0.0 |      15 |       0 |   0.0
            +---------+---------+-------+---------+---------+-------
